 Dungeon Crawl Stone Soup version 0.30-a0-965-g42e074c17a (webtiles) character file.

Game seed: 14780613127485181931

122 Axe the Chiller (level 5, -4/25 HPs)
             Began as a Vine Stalker Ice Elementalist on Mar 31, 2023.
             Slain by Duvessa
             ... wielding a +4 vampiric short sword
              (12 damage)
             ... on level 4 of the Dungeon.
             The game lasted 00:07:02 (2521 turns).

Axe the Chiller (Vine Stalker Ice Elementalist)     Turns: 2521, Time: 00:07:03

Health: -4/25      AC:  4    Str: 10    XL:     5   Next: 6%
Magic:  0/10       EV: 12    Int: 17    God:
Gold:   157        SH:  0    Dex: 15    Spells: 2/9 levels left

rFire   + . .      SeeInvis .      - Unarmed
rCold   + . .      Faith    .    (no shield)
rNeg    . . .      Spirit   +    a - +0 robe
rPois   .          Reflect  .    e - +0 helmet
rElec   .          Rampage  .    n - scarf {rC+ rF+}
rCorr   .                        p - +0 pair of gloves
Will    .....                    (no boots)
Stlth   +++                      (no amulet)
HPRegen 1.04/turn                (no ring)
MPRegen 0.12/turn                (no ring)

@: freezing walls
A: fangs 2, regeneration 1, magic shield, antimagic bite, no potion heal 2
a: no special abilities


You were on level 4 of the Dungeon.
You visited 1 branch of the dungeon, and saw 4 of its levels.

You collected 157 gold pieces.

Inventory:

Armour
 a - a +0 robe (worn)
 e - a +0 helmet (worn)
 n - a scarf of resistance (worn)
 p - a +0 pair of gloves (worn)
Jewellery
 f - a ring of flight
Scrolls
 c - 2 scrolls of brand weapon {unknown}
 d - 5 scrolls of identify {unknown}
 g - a scroll of magic mapping {unknown}
 i - a scroll of fear {unknown}
 j - 3 scrolls of enchant armour {unknown}
 l - 2 scrolls of enchant weapon {unknown}
 m - a scroll of amnesia {unknown}
 r - a scroll of immolation {unknown}
 s - a scroll of torment {unknown}
Potions
 b - a potion of magic
 h - a potion of mutation {unknown}
 k - 2 potions of lignification {unknown}
 o - a potion of cancellation {unknown}
 q - a potion of might {unknown}


   Skills:
 + Level 1.3 Fighting
 - Level 1.5 Dodging
 * Level 4.3 Stealth
 + Level 1.4 Unarmed Combat
 + Level 2.8 Spellcasting
 + Level 4.5 Ice Magic


You had 2 spell levels left.
You knew the following spells:

 Your Spells              Type           Power      Damage    Failure   Level
a - Freeze                Ice            68%        1d8       2%          1
b - Ozocubu's Armour      Ice            17%        N/A       9%          3
c - Frozen Ramparts       Ice            34%        1d6       9%          3

Your spell library contained the following spells:

 Spells                   Type           Power      Damage    Failure   Level
 Summon Ice Beast         Ice/Summ       10%        N/A       56%         4
 Chain Lightning          Conj/Air       1%         3d1       100%        9
 Fire Storm               Conj/Fire      1%         7d1       100%        9
 Shatter                  Erth           1%         3d5*      100%        9


Dungeon Overview and Level Annotations

Branches:
Dungeon (4/15)
 Temple: D:4-7

Altars:
Nemelex Xobeh
Wu Jian
Zin

Shops:
D:2 *(=

Annotations:
D:4 Dowan, Duvessa


Innate Abilities, Weirdness & Mutations

You have extremely sharp teeth.
Your natural rate of healing is unusually fast.
When hurt, damage is shared between your health and your magic reserves.
Your bite disrupts and absorbs the magic of your enemies.
Potions cannot restore your health.


Message History

Dowan, Brother of Duvessa comes into view.
He is wielding a +0 dagger.
The wall freezes Duvessa.
Duvessa hits you with a +4 vampiric short sword!
Duvessa draws strength from your wounds!
Casting: Freeze (safe; 2% risk of failure)
Confirm with . or Enter, or press ? or * to list all spells.
Aiming: Freeze (safe; 2% risk of failure)
Press: ? - help, Shift-Dir - straight line, f/p - Duvessa
Aim: Duvessa, wielding a +4 vampiric short sword and wearing a +0 leather armour (lightly wounded)
You freeze Duvessa!
Duvessa is moderately wounded.
Dowan shouts!
Dowan throws and catches a handful of magical flame, then smirks.
The wall freezes Duvessa but does no damage.
Casting: Freeze (safe; 2% risk of failure)
Confirm with . or Enter, or press ? or * to list all spells.
Aiming: Freeze (safe; 2% risk of failure)
Press: ? - help, Shift-Dir - straight line, f/p - Duvessa
Aim: Duvessa, wielding a +4 vampiric short sword and wearing a +0 leather armour (moderately wounded)
You freeze Duvessa.
Duvessa is moderately wounded.
Dowan smirks and points a slender finger.
The wall freezes Duvessa.
Duvessa barely misses you.
Casting: Freeze (safe; 2% risk of failure)
Confirm with . or Enter, or press ? or * to list all spells.
You don't have enough magic to cast this spell.
You hit Duvessa.
Duvessa is heavily wounded.
A giant cockroach comes into view.
You completely miss Duvessa. Your bite misses Duvessa.
Duvessa is heavily wounded.
Dowan gestures at you while chanting. The puff of flame hits you. You resist.
The wall freezes Duvessa.
Duvessa hits you with a +4 vampiric short sword!
You hit Duvessa but do no damage. Your bite misses Duvessa.
Duvessa is heavily wounded.
Dowan gestures at you while chanting. The puff of frost hits you. You resist.
The wall freezes Duvessa.
Duvessa hits you with a +4 vampiric short sword!
You die...

..... ##....
#....##....
#.........
.....Be..#
.........##
..........##
#.....###..##
##### ##.e##
##@.## #..<#
#..## #.##
###


You could see Duvessa, Dowan and a giant cockroach.

Vanquished Creatures
  7 adders
  3 dart slugs
  4 orcs (D:3)
  3 ball pythons
  5 endoplasms
  3 goblins (D:1)
  3 hobgoblins
  A quokka (D:1)
  6 bats
  5 frilled lizards
  6 kobolds
  6 rats
52 creatures vanquished.

Notes
Turn   | Place    | Note
-------+----------+-------------------------------------------
     0 | D:1      | Axe the Vine Stalker Ice Elementalist began the quest for
                  | the Orb.
     0 | D:1      | Reached XP level 1. HP: 9/9 MP: 4/4
   154 | D:1      | Reached XP level 2. HP: 13/13 MP: 6/6
   718 | D:2      | Reached XP level 3. HP: 17/17 MP: 2/7
   828 | D:2      | Found Uwnif's Assorted Antiques.
   874 | D:2      | Found Dathreuc's Antique Weapon Emporium.
   942 | D:2      | Reached skill level 1 in Fighting
   942 | D:2      | Reached skill level 1 in Unarmed Combat
   942 | D:2      | Gained mutation: Your natural rate of healing is unusually
                  | fast. [Vine Stalker growth]
   942 | D:2      | Reached XP level 4. HP: 19/22 MP: 2/8
  1041 | D:2      | Learned a level 3 spell: Ozocubu's Armour
  1045 | D:2      | Learned a level 3 spell: Frozen Ramparts
  1058 | D:2      | Found a faded altar of an unknown god.
  1286 | D:2      | Found Ilosih Nei's Jewellery Shoppe.
  1610 | D:3      | Found an ornate altar of the Wu Jian Council.
  1850 | D:3      | Found a glowing silver altar of Zin.
  1850 | D:3      | Noticed an angel
  2012 | D:3      | Found a sparkling altar of Nemelex Xobeh.
  2364 | D:3      | Reached XP level 5. HP: 23/25 MP: 6/10
  2506 | D:4      | Noticed Duvessa
  2516 | D:4      | Noticed Dowan
  2521 | D:4      | Slain by Duvessa

Illustrated notes

Levels and vault maps discovered:
D:1:      doesnt_arrival_eight_statues, layout_rooms, skrybe_limestone_x,
          minmay_heptomino_d4
D:2:      layout_loops_ring, serial_shops, shop, nicolae_shop_crystal, shop,
          basic_ecumenical_altar
D:3:      layout_basic, zin_angel, nemelex_spade_bored_becter,
          general_overflow_altar
D:4:      layout_cave_pools, amethyst_overflow_temple_binary, nrook_mini_vaults,
          uniq_ijyb, uniq_natasha, uniq_grinder, uniq_duvessa

Skill      XL: |  1  2  3  4 |
---------------+-------------+-----
Stealth        | 3 4 |  4.3
Fighting       | 1 |  1.3
Unarmed Combat | 1 |  1.4
Dodging        | |  1.5
Spellcasting   | |  2.8
Ice Magic      | |  4.5

Action                     |  1- 3 |  4- 6 || total
---------------------------+-------+-------++-------
  Melee: Unarmed           |    20 |    40 ||    60
         Bite              |     8 |     8 ||    16
         Punch             |     1 |       ||     1
   Cast: Freeze            |    41 |    32 ||    73
         Frozen Ramparts   |       |     1 ||     1
   Stab: Sleeping          |     3 |     2 ||     5
 Armour: Robe              |     7 |    17 ||    24
  Dodge: Dodged            |    31 |    29 ||    60

Table legend: (Time is in decaauts)
 A = Elapsed time spent in this place.
 B = Non-inter-level travel time spent in this place.
 C = Inter-level travel time spent in this place.
 D = Time resting spent in this place.
 E = Time spent auto-exploring this place.
 F = Levels seen in this place.
 G = Mean time per level.
                   A        B        C        D        E       F      G
               +--------+--------+--------+--------+--------+-----+--------+
         Total |   2518 |   2456 |     62 |    880 |   1074 |   4 |  629.5 |
       Dungeon |   2518 |   2456 |     62 |    880 |   1074 |   4 |  629.5 |
               +--------+--------+--------+--------+--------+-----+--------+

Top non-repeatable levels by time:
     D:3: 904 daAuts
     D:2: 879 daAuts
     D:1: 712 daAuts
     D:4: 22 daAuts
